cohdb
Replays
Latest Replays
All Replays
Popular Replays
Top Player Replays
Match Explorer
How It Works
Community
CoH3 Stats
Reddit
Sign in to upload your games and track your stats! →
Sign in with Steam
Match 41059893
Unlisted
Match 41059893
Overview
Messages
Build Orders
End
Selects Special Operations Battlegroup
Selects M29 Weasel Recon Vehicle
M29 Weasel Recon Vehicle
Construct Barracks
Riflemen Squad
Riflemen Squad
Grenade Package
Riflemen Squad
M1 Mortar Team
Infantry Support Center
Construct Medical Station
Construct Weapon Support Center
M3 Armored Personnel Carrier
Selects Smoke Screen
Selects SSF Commando Squad
M1918 Browning Automatic Rifles
Smoke Screen
Sniper
Bazooka Squad
Smoke Screen
yapster
HIMYNAMEISHO
waynoss88
The Fresh Prince
Leiarde
Billy
0
0
Comments
sign in to comment!
No comments posted yet!